 Dungeon Crawl Stone Soup version 0.29.1-15-g9cfb28693d (webtiles) character file.

Game seed: 3772661925994930925

35 hawla the Chiller (level 3, -1/26 HPs)
             Began as a Meteoran Ice Elementalist on Apr 14, 2023.
             Slain by a black bear (2 damage)
             ... on level 5 of the Dungeon on Apr 15, 2023.
             The game lasted 00:02:35 (316 turns).

hawla the Chiller (Meteoran Ice Elementalist)        Turns: 316, Time: 00:02:36

Health: -1/26      AC:  2    Str: 10    XL:     3   Next: 76%
Magic:  2/8        EV: 12    Int: 18    God:
Gold:   31         SH:  0    Dex: 14    Spells: 4/8 levels left

rFire   . . .      SeeInvis .   (no weapon)
rCold   . . .      Faith    .   (no shield)
rNeg    . . .      Spirit   .   a - +0 robe
rPois   .          Reflect  .   (no helmet)
rElec   .          Harm     .   (no cloak)
rCorr   .          Rampage  .   (no gloves)
Will    .....                   (no boots)
Stlth   +.........              (no amulet)
HPRegen 0.08/turn               (no ring)
MPRegen 0.11/turn               (no ring)

@: freezing walls, glowing
A: sense surroundings 1, otherworldly, glowing, explore regen
a: no special abilities


You were on level 5 of the Dungeon.
You visited 1 branch of the dungeon, and saw 5 of its levels.

You collected 31 gold pieces.

Inventory:

Armour
 a - a +0 robe (worn)
Scrolls
 c - a scroll of fear {unknown}
 e - a scroll of identify {unknown}
 f - a scroll of amnesia {unknown}
 g - a scroll of poison {unknown}
Potions
 b - a potion of might {unknown}
 d - 2 potions of heal wounds {unknown}


   Skills:
 + Level 2.5 Dodging
 - Level 1.4 Stealth
 + Level 3.1 Spellcasting
 + Level 5.3 Ice Magic


You had 4 spell levels left.
You knew the following spells:

 Your Spells              Type           Power      Damage    Failure   Level
a - Freeze                Ice            88%        1d10      1%          1
b - Frozen Ramparts       Ice            44%        1d7       5%          3

Your spell library contained the following spells:

 Spells                   Type           Power      Damage    Failure   Level
 Ozocubu's Armour         Ice            22%        N/A       5%          3
 Hailstorm                Conj/Ice       12%        3d5       47%         4


Dungeon Overview and Level Annotations

Branches:
Dungeon (6/15) Zot: 2683
 Temple: D:4-7

Altars:
Fedhas
Qazlal

Shops:
D:5 *


Innate Abilities, Weirdness & Mutations

You passively map a small area around you.
You are easily found by Zot.
You glow in the dark.
You regain HP and MP as you explore.


Message History

Press: ? - help, Dir - look around, f - activate A stone staircase leading down.
The walls around you are covered in ice.
The wall freezes the black bear.
The black bear bites you but does no damage.
The black bear claws you. The black bear barely misses you.
Unknown command.
Casting: Frozen Ramparts (quite dangerous; 5% risk of failure)
Confirm with . or Enter, or press ? or * to list all spells.
Aiming: Freeze (safe; 1% risk of failure)
Press: ? - help, Shift-Dir - straight line, f - black bear
Aim: a black bear (lightly wounded)
You freeze the black bear.
The black bear is moderately wounded.
The wall freezes the black bear.
The black bear bites you! The black bear closely misses you. x2
Casting: Freeze (safe; 1% risk of failure)
Confirm with . or Enter, or press ? or * to list all spells.
Aiming: Freeze (safe; 1% risk of failure)
Press: ? - help, Shift-Dir - straight line, f/p - black bear
Aim: a black bear (heavily wounded)
You freeze the black bear.
The black bear is severely wounded.
The wall freezes the black bear.
The black bear goes berserk!
Unknown command.
Casting: Freeze (safe; 1% risk of failure)
Confirm with . or Enter, or press ? or * to list all spells.
Aiming: Freeze (safe; 1% risk of failure)
Press: ? - help, Shift-Dir - straight line, f/p - black bear
Aim: a black bear (severely wounded, berserk)
You freeze the black bear.
The black bear is almost dead.
The wall freezes the black bear but does no damage.
The black bear bites you!
* * * LOW HITPOINT WARNING * * *
The black bear claws you but does no damage.
The black bear claws you.
* * * LOW HITPOINT WARNING * * *
The wall freezes the black bear.
The black bear bites you.
You die...

* *.# ##### ####.#
..... ###....# .....
* ......* ....[
#...### ####..... *
#.....## ##..#.....
*,
#h....###.........
#@.....∩..........
###...###...#..### *
#....#..##..##..# ,*
#..##...#######...
................####
###.......#####.#
#.......# #.# ,
#.......# #.#
#.......# #.# ,


You could see a black bear (berserk).

Vanquished Creatures
  3 adders (D:3)
  An endoplasm (D:2)
  A giant cockroach (D:3)
  A goblin (D:2)
  A quokka (D:3)
  A ball python (D:2)
  A rat (D:3)
9 creatures vanquished.

Vanquished Creatures (others)
  2 fungi (D:3)
2 creatures vanquished.

Grand Total: 11 creatures vanquished

Notes
Turn   | Place    | Note
-------+----------+-------------------------------------------
     0 | D:1      | hawla the Meteoran Ice Elementalist began the quest for the
                  | Orb.
     0 | D:1      | Reached XP level 1. HP: 14/14 MP: 5/5
    25 | D:2      | Found a faded altar of an unknown god.
    90 | D:3      | Reached XP level 2. HP: 20/20 MP: 4/6
   177 | D:3      | Found a stormy altar of Qazlal.
   192 | D:3      | Reached skill level 5 in Ice Magic
   192 | D:3      | Reached XP level 3. HP: 26/26 MP: 2/8
   206 | D:3      | Found a blossoming altar of Fedhas.
   223 | D:3      | You fall into a shaft and drop 2 floors!
   223 | D:5      | Entered Level 5 of the Dungeon
   285 | D:5      | Found Lisal's Neck Hole.
   292 | D:5      | Noticed a black bear
   311 | D:6      | Learned a level 3 spell: Frozen Ramparts
   316 | D:5      | HP: 1/26 [black bear (3)]
   316 | D:5      | Slain by a black bear

Illustrated notes

Levels and vault maps discovered:
D:1:      minmay_arrival_jagged, layout_loops_ring, serial_bayou_pond_a
D:2:      layout_loops_ring, chequers_ecumenical_altar_simple_redux,
          grunt_ministairs_9, amethyst_killhole, nicolae_shop_unique_rings
D:3:      layout_rooms, grunt_temple_overflow_forces_of_nature,
          lexackson_kobold_supper
D:5:      layout_basic, minmay_temple_entry_grid,
          nicolae_shop_sticking_my_neck_out
D:6:      layout_loops_cross, serial_rivers, chequers_serial_rivers_small_a,
          chequers_serial_rivers_micro_a, chequers_serial_rivers_small_b,
          chequers_serial_rivers_small_b, uniq_eustachio

Skill      XL: |  1  2 |
---------------+-------+-----
Spellcasting   | 3 |  3.1
Ice Magic      | 5 |  5.3
Dodging        | |  2.5
Stealth        | |  1.4

Action                   || total
-------------------------++-------
 Cast: Freeze            ||    24
       Frozen Ramparts   ||     1
  Use: Potion            ||     1
Armor: Robe              ||     6
Dodge: Dodged            ||    14
